 Dungeon Crawl Stone Soup version 0.30-a0-782-ge64f9170bb (webtiles) character file.

Game seed: 2017582193995035916

371 funkygono the Shield-Bearer (level 6, -1/38 HPs)
             Began as a Gargoyle Fighter on Mar 8, 2023.
             Killed by nerve-wracking pain
             ... invoked by Grinder
              (6 damage)
             ... in a sewer.
             The game lasted 00:04:47 (2717 turns).

funkygono the Shield-Bearer (Gargoyle Fighter)      Turns: 2717, Time: 00:04:48

Health: -1/38      AC: 14    Str: 21    XL:     6   Next: 70%
Magic:  6/6        EV:  7    Int:  9    God:
Gold:   148        SH:  4    Dex:  9    Spells: 5/5 levels left

rFire   . . .      SeeInvis .    s - +1 whip (flame)
rCold   . . .      Faith    .    c - +0 buckler
rNeg    + . .      Spirit   .    p - +0 chain mail
rPois   ∞          Reflect  .    (no helmet)
rElec   +          Harm     .    (no cloak)
rCorr   .          Rampage  .    (no gloves)
Will    .....                    (no boots) Stlth
                                 r - amulet of magic regeneration
HPRegen 0.26/turn                (no ring)
MPRegen 0.50/turn                (no ring)

@: no status effects
A: sickness immunity, AC +4, negative energy resistance 1, electricity
resistance, torment resistance 1, petrification resistance
a: no special abilities


You were in a sewer.
You visited 1 branch of the dungeon, and saw 3 of its levels.
You also visited: Sewer.

You collected 148 gold pieces.

Inventory:

Hand Weapons
 a - a +0 flail
 s - a +1 whip of flaming (weapon)
Missiles
 t - a curare-tipped dart (quivered)
 u - 11 poisoned darts
Armour
 b - a +0 scale mail
 c - a +0 buckler (worn)
 p - a +0 chain mail (worn)
Jewellery
 r - an amulet of magic regeneration (around neck)
Scrolls
 e - a scroll of magic mapping {unknown}
 f - 2 scrolls of noise {unknown}
 h - a scroll of immolation {unknown}
 j - 3 scrolls of teleportation {unknown}
 k - 3 scrolls of enchant weapon {unknown}
 m - 2 scrolls of identify {unknown}
 o - a scroll of enchant armour {unknown}
 v - a scroll of poison {unknown}
Potions
 d - 2 potions of might
 g - a potion of ambrosia {unknown}
 i - a potion of degeneration {unknown}
 l - 3 potions of haste {unknown}
 n - a potion of mutation {unknown}
 q - a potion of berserk rage {unknown}


   Skills:
 + Level 4.3 Fighting
 + Level 4.4 Maces & Flails
 + Level 4.5 Armour
 + Level 1.2 Dodging
 + Level 0.1 Stealth
 + Level 4.6 Shields


You had 5 spell levels left.
You didn't know any spells.
Your spell library contained the following spells:

 Spells                   Type           Power      Damage    Failure   Level
 Tukima's Dance           Hex            0%         N/A       100%        3
 Passage of Golubria      Tloc           0%         N/A       100%        4
 Petrify                  Tmut/Erth      0%         N/A       100%        4
 Irradiate                Conj/Tmut      0%         3d11      100%        5
 Yara's Violent Unravell  Hex/Tmut       0%         3d3       100%        5
 Sublimation of Blood     Necr           Unusable   N/A       N/A         2

Dungeon Overview and Level Annotations

Branches:
Dungeon (3/15)              Sewer (1/1)

Altars:

Annotations:
Sewer Grinder


Innate Abilities, Weirdness & Mutations

You are immune to sickness and miasma.
Your stone body is resilient. (AC +4)
You are immune to poison.
You resist negative energy. (rN+)
You are resistant to electric shocks. (rElec)
You are resistant to unholy torment.
You are immune to petrification.


Message History

Grinder blinks!
Items here: ( ))))))) ÷÷ ††.
There is an open door here.
You barely miss Grinder. Grinder hits you but does no damage.
You closely miss Grinder. You block Grinder's attack.
You hit Grinder. You burn Grinder.
Grinder is lightly wounded.
You closely miss Grinder.
Grinder is lightly wounded.
Grinder says, "Are you a fish?" Grinder hits you.
You writhe in agony.
You barely miss Grinder.
Grinder is lightly wounded.
Grinder hits you but does no damage.
You barely miss Grinder.
Grinder is lightly wounded.
Grinder blinks!
Grinder zaps a wand.
The roots erupt in riotous growth!
The grasping roots grab you! The grasping roots constrict you!
You escape the roots grasp.
You barely miss Grinder.
Grinder is lightly wounded.
Grinder hits you.
* * * LOW HITPOINT WARNING * * *
You hit Grinder but do no damage.
Grinder is lightly wounded.
Grinder hits you but does no damage.
You hit Grinder but do no damage.
Grinder is lightly wounded.
Grinder hits you.
* * * LOW HITPOINT WARNING * * *
You hit Grinder. You burn Grinder.
Grinder is lightly wounded.
Grinder hits you but does no damage.
You closely miss Grinder.
Grinder is lightly wounded.
Grinder gestures at you. Pain shoots through your body!
You die...

#~...≈##≈~.#.~≈≈≈≈≈≈≈ #≈...≈
#≈~.#.~≈≈≈≈≈≈≈
##'''###≈~.#..~≈≈≈≈≈≈
########.....##≈≈)#...~≈≈≈≈≈
~≈~≈≈≈#...⌠..###)####.###≈##
5.....'.⌠.....#.).#≈≈.......
..5...'..._.⌠.'...≈≈≈≈......
......'.⌠.....#...#≈≈.......
≈#...⌠@.###.####.#≈###~
##...5.##≈~.#....≈≈~≈≈
##'''###≈~.#..~≈~≈≈≈≈
#~...≈##~~.#.~≈≈≈≈≈≈≈
#≈...~##≈..#.≈≈≈≈≈≈≈≈
#~...~##≈~.#.≈~≈≈≈≈≈≈
#≈..†≈##≈≈.)..≈≈≈≈≈≈≈
#≈...≈###.###########
#≈...≈##≈~~~..≈~≈ ≈≈


You could see Grinder.

Vanquished Creatures
  2 kobold brigands (Sewer)
  A necrophage (Sewer)
  3 adders
  7 ufetubi (Sewer)
  2 worms
  2 dart slugs
  5 orcs (D:3)
  5 bats
  8 endoplasms
  3 giant cockroaches
  7 goblins
  4 hobgoblins
  4 jackals (D:2)
  5 quokkas
  9 ball pythons
  2 frilled lizards (D:2)
  15 kobolds
  4 kobold zombies (Sewer)
  7 rats
95 creatures vanquished.

Notes
Turn   | Place    | Note
-------+----------+-------------------------------------------
     0 | D:1      | funkygono the Gargoyle Fighter began the quest for the Orb.
     0 | D:1      | Reached XP level 1. HP: 14/14 MP: 1/1
   248 | D:1      | Reached XP level 2. HP: 19/19 MP: 2/2
   612 | D:1      | Reached XP level 3. HP: 24/24 MP: 3/3
  1448 | D:2      | Reached XP level 4. HP: 29/29 MP: 4/4
  2201 | D:3      | Found a glowing drain.
  2222 | Sewer    | Entered a sewer
  2259 | Sewer    | Reached XP level 5. HP: 33/33 MP: 5/5
  2440 | Sewer    | Found an ancient bone altar of Kikubaaqudgha.
  2440 | Sewer    | Noticed a kobold brigand
  2473 | Sewer    | Killed a kobold brigand
  2474 | Sewer    | Reached skill level 1 in Dodging
  2474 | Sewer    | Reached XP level 6. HP: 31/38 MP: 6/6
  2660 | Sewer    | Noticed Grinder
  2689 | Sewer    | Paralysed by Grinder for 4 turns
  2717 | Sewer    | Killed from afar by Grinder

Illustrated notes

Levels and vault maps discovered:
D:1:      enne_arrival_octagon_isle, layout_loops_corners
D:2:      layout_loops_corners
D:3:      layout_loops_ring, cheibrodos_sewer_entry_bend,
          minmay_misc_feat_roman, chequers_serial_rivers_micro_b,
          nicolae_hexahallways
Sewer:    kennysheep_sewer_church

Skill      XL: |  1  2  3  4  5  6 |
---------------+-------------------+-----
Armour         | 4 |  4.5
Maces & Flails | 3 4 |  4.4
Shields        | 4 |  4.6
Fighting       | 4 |  4.3
Dodging        | 1 |  1.2
Stealth        | |  0.1

Action                     |  1- 3 |  4- 6 || total
---------------------------+-------+-------++-------
  Melee: Flail             |   140 |   226 ||   366
         Whip              |       |   123 ||   123
 Armour: Scale mail        |    78 |    42 ||   120
         Chain mail        |       |   238 ||   238
  Dodge: Dodged            |    79 |   190 ||   269
  Block: Buckler           |    23 |    98 ||   121

Table legend: (Time is in decaauts)
 A = Elapsed time spent in this place.
 B = Non-inter-level travel time spent in this place.
 C = Inter-level travel time spent in this place.
 D = Time resting spent in this place.
 E = Time spent auto-exploring this place.
 F = Levels seen in this place.
 G = Mean time per level.
                   A        B        C        D        E       F      G
               +--------+--------+--------+--------+--------+-----+--------+
         Total |   2828 |   2774 |     54 |      0 |   1743 |   4 |  707.0 |
       Dungeon |   2323 |   2269 |     54 |      0 |   1538 |   3 |  774.3 |
         Sewer |    505 |    505 |      0 |      0 |    205 |   1 |  505.0 |
               +--------+--------+--------+--------+--------+-----+--------+

Top non-repeatable levels by time:
     D:2: 1116 daAuts
     D:1: 996 daAuts
   Sewer: 505 daAuts
     D:3: 210 daAuts
